 Dungeon Crawl Stone Soup version 0.30-a0-802-gb92711bcdf (webtiles) character file.

Game seed: 10753931256409382121

6771 drugrobin the Black Belt (level 10, 0/74 HPs)
             Began as a Demigod Delver on Feb 23, 2023.
             Slain by a molten gargoyle
             ... wielding a +0 dire flail
              (7 damage)
             ... in a volcano.
             The game lasted 00:34:59 (10831 turns).

drugrobin the Black Belt (Demigod Delver)          Turns: 10831, Time: 00:35:00

Health: 0/74       AC: 10    Str: 17    XL:     10   Next: 47%
Magic:  13/13      EV: 12    Int: 12    God:
Gold:   481        SH:  0    Dex: 23    Spells: 4/9 levels left

rFire   + . .      SeeInvis .      - Unarmed
rCold   . . .      Faith    .    (no shield)
rNeg    . . .      Spirit   .    j - +0 steam dragon scales
rPois   .          Reflect  .    I - +0 helmet
rElec   .          Harm     .    (no cloak)
rCorr   .          Rampage  .    (no gloves)
Will    +....                    (no boots)
Stlth   +++                      (no amulet)
HPRegen 0.32/turn                o - +4 ring of protection
MPRegen 0.13/turn                E - ring of protection from fire

@: no status effects
A: high MP 1, forlorn, divine attributes
a: no special abilities


You were in a volcano.
You visited 2 branches of the dungeon, and saw 10 of its levels.
You also visited: Volcano.

You collected 481 gold pieces.

Inventory:

Hand Weapons
 b - a +1 dagger of venom
 c - a +0 sling of flaming
Missiles
 B - 11 poisoned darts
 K - 6 boomerangs (quivered)
 N - a curare-tipped dart
Armour
 j - +0 steam dragon scales (worn)
 l - a +3 leather armour
 u - a +0 chain mail
 F - an orb of guile
 I - a +0 helmet (worn)
Magical Staves
 s - a staff of fire
Jewellery
 a - a ring of flight
 o - a +4 ring of protection (left hand)
 A - a ring of see invisible
 E - a ring of protection from fire (right hand)
 G - a ring of willpower
Wands
 f - a wand of digging (2)
 y - a wand of polymorph (2)
 C - a wand of flame (18)
 H - a wand of paralysis (6)
Scrolls
 d - 6 scrolls of fear
 m - 3 scrolls of teleportation
 n - 2 scrolls of poison
 p - 3 scrolls of vulnerability
 q - a scroll of immolation
 w - a scroll of summoning
 x - a scroll of enchant weapon
 z - 4 scrolls of fog
 L - a scroll of enchant armour {unknown}
Potions
 e - 2 potions of haste
 g - 3 potions of magic
 h - a potion of lignification
 i - 2 potions of flight
 k - 2 potions of attraction
 r - a potion of resistance {unknown}
 t - 5 potions of brilliance
 v - a potion of invisibility
 M - a potion of curing
Miscellaneous
 J - a lightning rod (4/4)


   Skills:
 - Level 2.6 Fighting
 - Level 1.7 Dodging
 - Level 4.5 Stealth
 + Level 15.0 Unarmed Combat


You had 4 spell levels left.
You knew the following spells:

 Your Spells              Type           Power      Damage    Failure   Level
a - Call Imp              Summ           0%         N/A       45%         2
b - Mephitic Cloud        Conj/Pois/Air  0%         N/A       69%         3

Your spell library contained the following spells:

 Spells                   Type           Power      Damage    Failure   Level
 Magic Dart               Conj           0%         1d3       32%         1
 Gell's Gravitas          Tloc           0%         N/A       69%         3
 Teleport Other           Tloc           0%         N/A       69%         3
 Dispersal                Tloc           0%         N/A       100%        6


Dungeon Overview and Level Annotations

Branches:
Dungeon (9/15)             Temple (0/1) D:6            Lair (1/5) D:9
Volcano (1/1)
    Orc: D:9-12

Shops:
D:6 (

Annotations:
D:3 1 runed translucent door, Crazy Yiuf
D:4 exclusion: downstairs


Innate Abilities, Weirdness & Mutations

You have an increased reservoir of magic. (+10% MP)
You shall have no god before yourself.
Your divine heritage dramatically boosts your attributes as you level up.


Message History

You closely miss the molten gargoyle.
The molten gargoyle is severely damaged.
Your crimson imp hits the molten gargoyle but does no damage.
The molten gargoyle closely misses you.
Unknown command.
Unknown command.
You completely miss the molten gargoyle.
You punch the molten gargoyle, but do no damage.
The molten gargoyle is severely damaged.
Your crimson imp barely misses the molten gargoyle.
The molten gargoyle closely misses you.
Unknown command.
Unknown command.
You closely miss the molten gargoyle.
The molten gargoyle is severely damaged.
Your crimson imp disappears in a puff of smoke!
The molten gargoyle closely misses you.
Unknown command.
Unknown command.
You punch the molten gargoyle!
The molten gargoyle is almost destroyed.
Unknown command.
Unknown command.
You closely miss the molten gargoyle.
The molten gargoyle is almost destroyed.
The molten gargoyle hits you with a +0 dire flail.
* * * LOW HITPOINT WARNING * * *
You are engulfed in flames.
You resist.
* * * LOW HITPOINT WARNING * * *
Unknown command.
Unknown command.
Press: ? - help, v - describe, . - travel, g - get item
Here: a molten gargoyle, wielding a +0 dire flail (severely damaged) Item here: a plate armour of fire resistance.
The floor.
Unknown command.
You barely miss the molten gargoyle.
The molten gargoyle is severely damaged.
The molten gargoyle hits you with a +0 dire flail!
You die...

§§≈§≈§≈≈≈≈≈≈≈≈≈≈≈≈≈≈≈§≈≈≈≈≈≈≈≈§≈§
§§≈≈§§§≈≈≈≈§≈≈≈§≈≈≈≈§≈≈≈≈≈≈§≈≈§§§
§§§≈≈§°≈≈≈≈≈≈§≈≈≈≈≈≈≈§≈≈≈§§≈§≈≈≈≈
≈§≈≈≈§≈§§≈≈≈≈≈≈≈§≈≈≈≈≈≈≈§≈≈≈≈≈≈≈§
§≈≈§ §≈§≈≈≈≈≈≈≈≈≈§≈§≈≈≈≈≈≈≈≈≈≈≈.
§≈§ §§≈§.≈.....§......§....§..§ ≈
########+########.≈≈≈ #......#.#
#.§≈≈ #..9@#.#.# #..≈§ #.$$!#§#†#
#.≈≈≈ ≈§ #.$)$#.#†# #.≈≈≈ §§
≈≈≈.######.#.# #.§≈≈ §≈≈
≈≈§.#.....5#?# #.§§≈ ≈§ ≈
§≈.###''###'### #.≈ § §§≈§
#....#.....# ≈§≈§ #.∩..#.8_8.#
≈§§§ #....'.....+


You could see a molten gargoyle.

Vanquished Creatures
  A two-headed ogre (D:9)
  A lindwurm (Volcano)
  A cane toad (D:9)
  A polar bear (Lair:1)
  A shadow (D:9)
  A hog (D:7)
  3 yaks (D:8)
  A steam dragon (Volcano)
  2 fire bats (Volcano)
  Menkaure (D:5)
  3 hell hounds (Volcano)
  3 water moccasins
  An orc warrior (D:9)
  4 sky beasts
  2 black bears (D:6)
  An ogre (D:5)
  2 centaurs
  2 phantoms
  2 kobold brigands
  3 bullfrogs
  2 scorpions
  4 necrophages
  6 killer bees
  6 howler monkeys
  5 lava snakes (Volcano)
  4 orc priests
  4 hounds
  2 jellies
  2 gnoll boudas
  2 iguanas
  11 orc wizards
  8 gnolls
  8 adders
  An ufetubus (D:5)
  6 dart slugs
  31 orcs
  2 bats
  7 endoplasms
  5 giant cockroaches
  14 goblins
  9 hobgoblins
  7 jackals
  14 kobolds
  4 quokkas
  7 ball pythons
  3 frilled lizards
  25 rats
235 creatures vanquished.

Vanquished Creatures (others)
  2 orcs (D:7)
2 creatures vanquished.

Grand Total: 237 creatures vanquished

Notes
Turn   | Place    | Note
-------+----------+-------------------------------------------
     0 | D:5      | drugrobin the Demigod Delver began the quest for the Orb.
     0 | D:5      | Reached XP level 1. HP: 18/18 MP: 3/3
    27 | D:5      | Noticed an orc wizard
   130 | D:5      | Noticed a hound
   381 | D:2      | Reached skill level 2 in Unarmed Combat
   588 | D:1      | Reached XP level 2. HP: 20/25 MP: 4/4
   791 | D:1      | Reached skill level 3 in Unarmed Combat
  1084 | D:1      | Reached XP level 3. HP: 28/30 MP: 5/5
  1283 | D:1      | Upgraded the game from 0.30-a0-800-g7c544603b3 to
                  | 0.30-a0-802-gb92711bcdf
  2017 | D:2      | Reached skill level 4 in Unarmed Combat
  2243 | D:3      | Reached XP level 4. HP: 37/37 MP: 6/6
  2259 | D:3      | Found a runed translucent door.
  2260 | D:3      | Noticed Crazy Yiuf
  3048 | D:4      | Noticed a necrophage
  3083 | D:4      | Killed a necrophage
  3084 | D:4      | Reached skill level 5 in Unarmed Combat
  3084 | D:4      | Reached XP level 5. HP: 35/42 MP: 7/7
  3182 | D:4      | Noticed a black bear
  3616 | D:5      | Noticed Menkaure
  3628 | D:4      | Reached skill level 6 in Unarmed Combat
  3797 | D:4      | Reached XP level 6. HP: 40/50 MP: 8/8
  4377 | D:4      | Reached skill level 7 in Unarmed Combat
  4706 | D:5      | Reached XP level 7. HP: 42/56 MP: 9/9
  4867 | D:5      | Reached skill level 8 in Unarmed Combat
  5048 | D:5      | Killed Menkaure
  5568 | D:6      | Found Taon Gesol's Weapon Boutique.
  5583 | D:6      | Reached skill level 9 in Unarmed Combat
  5613 | D:6      | Reached XP level 8. HP: 49/62 MP: 10/10
  5781 | D:6      | Found a staircase to the Ecumenical Temple.
  5926 | D:6      | Reached skill level 10 in Unarmed Combat
  6168 | D:6      | Identified the +2 short sword of a Labyrinth {venom,
                  | Fragile Str+5}
  6827 | D:7      | Reached skill level 11 in Unarmed Combat
  6975 | D:7      | Noticed a troll
  7138 | D:7      | a troll changed into a hog
  7144 | D:7      | Reached XP level 9. HP: 43/68 MP: 11/11
  7826 | D:8      | Reached skill level 12 in Unarmed Combat
  8702 | D:9      | Reached skill level 13 in Unarmed Combat
  8800 | D:9      | Found a staircase to the Lair.
  9327 | D:9      | Noticed a two-headed ogre
  9363 | D:9      | Killed a two-headed ogre
  9364 | D:9      | Reached XP level 10. HP: 64/74 MP: 13/13
  9893 | Lair:1   | Entered Level 1 of the Lair of Beasts
  9916 | D:9      | Reached skill level 14 in Unarmed Combat
 10199 | Lair:1   | Found a dark tunnel.
 10207 | Volcano  | Entered a volcano
 10538 | Volcano  | Noticed a lindwurm
 10567 | Volcano  | Killed a lindwurm
 10697 | Volcano  | Learned a level 2 spell: Call Imp
 10701 | Volcano  | Learned a level 3 spell: Mephitic Cloud
 10747 | Volcano  | Reached skill level 15 in Unarmed Combat
 10831 | Volcano  | Slain by a molten gargoyle

Illustrated notes

Levels and vault maps discovered:
D:1:      dpeg_arrival_oval, layout_loops_ring,
          nicolae_ecumenical_snake_handling
D:2:      layout_loops_ring, minmay_rat_hole
D:3:      minmay_diamond_boxcup, layout_loops_ring, uniq_crazy_yiuf_cottage
D:4:      nicolae_cairo_tiling_large, layout_loops_ring,
          mainiacjoe_overflow_six_doors_small, hangedman_decor_points,
          chequers_jeans
D:5:      layout_basic, uniq_menkaure
D:6:      layout_basic, minmay_temple_entry_glass, serial_shops,
          nicolae_stop_n_shop_2, kennysheep_cross_room
D:7:      layout_rooms
D:8:      layout_rooms
D:9:      layout_grid_maze, jmf_multi_god_temple, lair_entry_dummy
Lair:1:   cheibrodos_lair_river_kwai, layout_chaotic_city, enter_volcano_4,
          serial_bayou_ford_a, grunt_megastairs_3
Volcano:  volcano_lake [vl_original]

Skill      XL: |  1  2  3  4  5  6  7  8  9 10 |
---------------+-------------------------------+-----
Unarmed Combat | 2 3 4 5 6 7 9 11 13 15 | 15.0
Fighting       | |  2.6
Dodging        | |  1.7
Stealth        | |  4.5

Action                     |  1- 3 |  4- 6 |  7- 9 | 10-12 || total
---------------------------+-------+-------+-------+-------++-------
  Melee: Unarmed           |   235 |   175 |   387 |   100 ||   897
         Punch             |     7 |    12 |    27 |    13 ||    59
         Dagger            |       |       |    16 |       ||    16
   Fire: Sling             |       |       |    35 |       ||    35
  Throw: Stone             |     4 |       |       |       ||     4
         Throwing net      |       |     1 |       |       ||     1
         Dart              |       |       |    47 |       ||    47
         Boomerang         |       |       |       |    24 ||    24
   Cast: Call Imp          |       |       |       |     2 ||     2
  Evoke: Wand              |       |     5 |    15 |     2 ||    22
    Use: Scroll            |       |     1 |    13 |     7 ||    21
         Potion            |       |       |     1 |     2 ||     3
   Stab: Sleeping          |    11 |    10 |     2 |     1 ||    24
         Held in net/web   |       |     1 |       |       ||     1
         Distracted        |       |       |     1 |       ||     1
         Paralysed         |       |       |       |     3 ||     3
 Armour: Leather armour    |    41 |       |    80 |    29 ||   150
         Ring mail         |     8 |    66 |       |       ||    74
         Scale mail        |       |    24 |    93 |       ||   117
         Steam dragon scal |       |       |       |     1 ||     1
  Dodge: Dodged            |   129 |    84 |   176 |    34 ||   423

Table legend: (Time is in decaauts)
 A = Elapsed time spent in this place.
 B = Non-inter-level travel time spent in this place.
 C = Inter-level travel time spent in this place.
 D = Time resting spent in this place.
 E = Time spent auto-exploring this place.
 F = Levels seen in this place.
 G = Mean time per level.
                   A        B        C        D        E       F      G
               +--------+--------+--------+--------+--------+-----+--------+
         Total |  10710 |  10310 |    400 |   1144 |   5790 |  11 |  973.6 |
       Dungeon |   9963 |   9563 |    400 |    995 |   5640 |   9 | 1107.0 |
          Lair |    134 |    134 |      0 |      0 |      0 |   1 |  134.0 |
       Volcano |    612 |    612 |      0 |    149 |    150 |   1 |  612.0 |
               +--------+--------+--------+--------+--------+-----+--------+

Top non-repeatable levels by time:
     D:9: 1465 daAuts
     D:5: 1423 daAuts
     D:6: 1165 daAuts
     D:3: 1130 daAuts
     D:4: 1065 daAuts
     D:2: 1040 daAuts
     D:8: 973 daAuts
     D:1: 902 daAuts
     D:7: 795 daAuts
 Volcano: 612 daAuts
  Lair:1: 134 daAuts
